 Dungeon Crawl Stone Soup version 0.17-a0-1447-g3d113ad (webtiles) character file.

21714 Chiseanne the Nimble (level 12, -3/98 HPs)
             Began as a Demonspawn Wanderer on June 29, 2015.
             Was a High Priest of Okawaru.
             Engulfed by a cloud of flame (17 damage)
             ... on level 14 of the Dungeon.
             The game lasted 00:44:35 (15831 turns).

Chiseanne the Nimble (Demonspawn Wanderer)         Turns: 15831, Time: 00:44:35

Health: -3/98      AC: 28    Str: 18    XL:     12   Next: 56%
Magic:  10/12      EV: 20    Int: 13    God:    Okawaru [*****.]
Gold:   420        SH:  7    Dex: 18    Spells: 0 memorised, 11 levels left

rFire  . . .     SeeInvis .     a - +5 double sword (slice)
rCold  + . .     Clarity  .     i - +3 scale mail {rC+}
rNeg   . . .     SustAt   .     U - +0 buckler
rPois  .         Gourm    .     (helmet restricted)
rElec  .         Spirit   .     l - +0 cloak {MR+}
rCorr  .         Warding  .     H - +0 pair of gloves {archery} {god gift}
rMut   .         Stasis   .     q - +0 pair of boots
MR     +....                    F - amulet of regeneration
Stlth  +++++.....               D - +6 ring of protection
                                f - +2 ring of protection

@: mighty, about to teleport, heroism, somewhat resistant to hostile
enchantments, quite stealthy
A: fangs 1, horns 2, icy blue scales 2, nightstalker 2
a: Heroism, Finesse, Renounce Religion


You were on level 14 of the Dungeon.
You worshipped Okawaru.
Okawaru was extremely pleased with you.
You were not hungry.

You visited 2 branches of the dungeon, and saw 15 of its levels.
You also visited: Sewer.

You collected 964 gold pieces.
You spent 544 gold pieces at shops.

Inventory:

Hand weapons
 a - a +5 double sword of slicing (weapon)
 s - a +0 morningstar of protection
 w - a +4 blowgun
 R - a +4 scimitar of flaming
Missiles
 d - 11 bolts of frost
 h - 14 silver sling bullets
 k - 64 poisoned needles
 x - 19 tomahawks (quivered)
 E - 26 sling bullets
 J - 36 bolts
 X - 4 curare-tipped needles
 Y - 6 poisoned sling bullets
Armour
 i - a +3 scale mail of cold resistance (worn)
 j - a +1 scale mail of fire resistance
 l - a +0 cloak of magic resistance (worn)
 q - a +0 pair of boots (worn)
 H - a +0 pair of gloves of archery (worn) {god gift}
 P - a troll hide
 T - a +0 shield
 U - a +0 buckler (worn)
Magical staves
 G - an uncursed staff of poison
Jewellery
 f - a +2 ring of protection (left hand)
 D - a +6 ring of protection (right hand)
 F - an amulet of regeneration (around neck)
 M - an uncursed ring of fire
Magical devices
 z - a wand of cold (0)
 Z - a wand of fire (11)
Scrolls
 g - 2 scrolls of fog
 n - 3 scrolls of teleportation
 r - 2 scrolls of amnesia
 t - 4 scrolls of recharging
 u - 7 scrolls of remove curse
 B - a scroll of silence
 I - 3 scrolls of magic mapping
Potions
 b - 8 potions of curing
 c - 8 potions of heal wounds
 m - a potion of mutation
 y - a potion of resistance {unknown}
 O - a potion of flight {unknown}
 Q - a potion of invisibility
Books
 v - a book of Clouds

   Spells                             Type                      Level
   a - Mephitic Cloud                 Conjuration/Poison/Air       3
   b - Conjure Flame                  Conjuration/Fire             3
   c - Poisonous Cloud                Conjuration/Poison/Air       6
   d - Freezing Cloud                 Conjuration/Ice/Air          6
   e - Ring of Flames                 Charms/Fire                  7
 K - a book of Death

   Spells                             Type                      Level
   a - Corpse Rot                     Necromancy                   2
   b - Sublimation of Blood           Necromancy                   2
   c - Agony                          Necromancy                   5
   d - Dispel Undead                  Necromancy                   5
   e - Excruciating Wounds            Charms/Necromancy            5
   f - Bolt of Draining               Conjuration/Necromancy       5
 W - a book of Annihilations

   Spells                             Type                      Level
   a - Poison Arrow                   Conjuration/Poison           6
   b - Chain Lightning                Conjuration/Air              8
   c - Lehudib's Crystal Spear        Conjuration/Earth            8
   d - Glaciate                       Conjuration/Ice              9
   e - Fire Storm                     Conjuration/Fire             9
Miscellaneous
 L - a lamp of fire
Comestibles
 e - 6 bread rations
 p - 8 meat rations
 S - 24 fruits
 V - a slice of pizza


   Skills:
 + Level 10.4(15.4) Fighting
   Level 1.7(10.1) Short Blades
 * Level 7.6(12.8) Long Blades
 - Level 8.3(13.3) Armour
 + Level 11.4(16.4) Dodging
 - Level 2.6(7.6) Stealth
 * Level 6.4(11.4) Shields


You had 11 spell levels left.
You didn't know any spells.

Dungeon Overview and Level Annotations

Branches:
Dungeon (14/15)            Temple (1/1) D:4            Lair (0/8) D:10
    Orc (0/4) D:9
 Vaults: D:13-14

Altars:
Ashenzari
Cheibriados
Dithmenos
Elyvilon
Fedhas
Gozag
Kikubaaqudgha
Makhleb
Nemelex Xobeh
Okawaru
Qazlal
Ru
Sif Muna
Trog
Vehumet
Xom
Yredelemnul
Zin
The Shining One

Shops:
D:7 (   D:11 (


Innate Abilities, Weirdness & Mutations

You have a pair of horns on your head.
You are mostly covered in icy blue scales (AC +3, EV -1).
You are significantly more attuned to the shadows.
You have very sharp teeth.


Message History

You feel strangely unstable.
You are engulfed in roaring flames.
* * * LOW HITPOINT WARNING * * *
The tengu warrior is engulfed in roaring flames.
The tengu warrior dies!
The vault guard is engulfed in roaring flames.
The brown very ugly thing is engulfed in roaring flames.
The brown very ugly thing barely misses you.
You slice the salamander stormcaller!! You bite the salamander stormcaller.
The salamander stormcaller is almost dead.
You are engulfed in roaring flames.
* * * LOW HITPOINT WARNING * * *
The salamander stormcaller hits you but does no damage.
The vault guard is engulfed in roaring flames.
The vault guard dies!
A hippogriff comes into view.
You slash the salamander stormcaller! You bite the salamander stormcaller.
You kill the salamander stormcaller!
Okawaru is honoured by your kill.
You are engulfed in roaring flames.
You die...

.#########.#
..########.##
............#
.#########.## ## ..#
#.### #.# .#.# #.##H#
#C## .##.## #.# #§#
#§#.# ..##.#####.#
#)#u#.## ...........##
#@#.#.# ....#.#.....#
#§#§#.##
#.....#.######§#.#§#.#
..#.#.#.#.###.#.#.#.##
#..........###.#.#.#.##
........#.###########.#
#..._...#####..##.###.#
....(.........#.#.....#
#......#.....#.##.#####


You could see a brown very ugly thing, a hill giant and a hippogriff.

Vanquished Creatures
  A salamander stormcaller (D:14)
  Snorg (D:12)
  Josephine (D:13)
  A hydra (D:13)
  3 tengu warriors
  2 centaur warriors
  An unseen horror (D:14)
  A hill giant (D:11)
  A wolf spider (D:14)
  An ugly thing (D:11)
  2 cyclopes
  A manticore (D:11)
  3 centaur zombies
  A gargoyle (D:10)
  An efreet (D:14)
  2 trolls
  A two-headed ogre (D:11)
  Prince Ribbit (D:5)
  2 slime creatures (D:13)
  A trapdoor spider (D:13)
  A shadow (D:13)
  4 wraiths (D:13)
  5 yaks (D:13)
  A wyvern (D:8)
  3 deep elf magi
  4 hungry ghosts
  2 vampire mosquitoes (D:14)
  A basilisk (D:12)
  A steam dragon (D:8)
  2 water moccasins
  A black bear (D:11)
  2 ice beasts
  7 orc warriors
  2 necrophages
  13 centaurs
  A sky beast (D:6)
  2 phantoms
  4 ogres
  13 giant frogs
  3 crocodiles
  A big kobold (D:11)
  3 water moccasin zombies
  A wyvern skeleton (D:14)
  2 scorpions
  4 killer bees (D:13)
  4 wights (D:10)
  6 crimson imps
  A jelly (D:12)
  A quasit (D:10)
  Crazy Yiuf (D:4)
  Ijyb (D:2)
  8 hounds
  2 iguanas (D:13)
  3 giant frog skeletons
  14 orc wizards
  4 centaur skeletons
  6 orc priests
  11 worker ants
  2 hound skeletons
  A worker ant zombie (D:11)
  11 adders
  4 gnolls (D:2)
  2 shadow imps
  2 adder zombies
  An ooze (D:1)
  5 worms
  An adder skeleton (D:3)
  56 orcs
  12 bats
  A bat zombie (D:6)
  9 giant cockroaches
  17 hobgoblins
  14 jackals
  3 quokkas
  7 ball pythons
  6 giant geckos
  A giant gecko skeleton (D:6)
  3 giant gecko zombies
  5 giant newts
  16 goblins
  26 kobolds
  A quokka skeleton (D:5)
  A quokka zombie (D:7)
  11 rats
  3 fungi
  8 plants
402 creatures vanquished.

Vanquished Creatures (others)
  A vault guard (D:14)
  A tengu warrior (D:14)
2 creatures vanquished.

Grand Total: 404 creatures vanquished

Notes
Turn   | Place    | Note
--------------------------------------------------------------
     0 | D:1      | Chiseanne the Demonspawn Wanderer began the quest for the Orb.
     0 | D:1      | Chiseanne set off with: a +2 short sword, 2 potions of curing, a +0 robe, a +0 dagger, a bread ration
     0 | D:1      | Reached XP level 1. HP: 19/19 MP: 1/1
   161 | D:1      | Reached skill level 1 in Dodging
   307 | D:1      | Gained mutation: You are slightly more attuned to the shadows. [demonic ancestry]
   307 | D:1      | Reached XP level 2. HP: 22/25 MP: 2/2
   846 | D:2      | Reached skill level 1 in Armour
   872 | D:2      | Reached XP level 3. HP: 17/31 MP: 3/3
  1153 | D:2      | Found a shimmering altar of Xom.
  1153 | D:2      | Found a stormy altar of Qazlal.
  1365 | D:2      | Noticed Ijyb
  1505 | D:2      | Killed Ijyb
  1505 | D:2      | Gained mutation: You have a pair of small horns on your head. [demonic ancestry]
  1505 | D:2      | Reached XP level 4. HP: 29/38 MP: 4/4
  2572 | D:3      | Reached XP level 5. HP: 40/43 MP: 5/5
  2848 | D:3      | Found a faded altar to an unknown god.
  3195 | D:4      | Found a staircase to the Ecumenical Temple.
  3226 | Temple   | Entered the Ecumenical Temple
  3330 | Temple   | Became a worshipper of Warmaster Okawaru
  3677 | D:4      | Gained mutation: You are significantly more attuned to the shadows. [demonic ancestry]
  3677 | D:4      | Reached XP level 6. HP: 45/49 MP: 6/6
  3797 | D:4      | Noticed an orc warrior
  3817 | D:4      | Killed an orc warrior
  4259 | D:4      | Reached skill level 5 in Fighting
  4933 | D:5      | Entered Level 5 of the Dungeon
  4951 | D:5      | Noticed Prince Ribbit
  5028 | D:5      | Found a glowing drain.
  5039 | Sewer    | Entered a sewer
  5373 | Sewer    | Gained mutation: You are partially covered in icy blue scales (AC +1). [demonic ancestry]
  5373 | Sewer    | Reached XP level 7. HP: 56/56 MP: 7/7
  6210 | D:5      | Acquired Okawaru's first power
  6538 | D:5      | Reached skill level 5 in Armour
  6538 | D:5      | Reached skill level 5 in Dodging
  6551 | D:5      | Found an opulent altar of Gozag.
  6830 | D:5      | Killed Prince Ribbit
  6830 | D:5      | Reached XP level 8. HP: 44/64 MP: 6/8
  6968 | D:4      | Noticed Crazy Yiuf
  6979 | D:4      | Killed Crazy Yiuf
  7285 | D:6      | Reached skill level 6 in Dodging
  8130 | D:7      | Found a flagged portal.
  8292 | D:7      | Found Ymoemenu's Weapon Shop.
  8412 | D:7      | Gained mutation: You are mostly covered in icy blue scales (AC +3, EV -1). [demonic ancestry]
  8412 | D:7      | Reached XP level 9. HP: 71/71 MP: 9/9
  8640 | D:8      | Found an ancient bone altar of Kikubaaqudgha.
  8659 | D:8      | Reached skill level 7 in Armour
 10015 | D:8      | Reached skill level 8 in Armour
 10689 | D:9      | Found a staircase to the Orcish Mines.
 10799 | D:7      | Bought a +5 double sword of slicing for 544 gold pieces
 10964 | D:9      | Reached XP level 10. HP: 79/79 MP: 10/10
 10977 | D:9      | Found a radiant altar of Vehumet.
 11154 | D:9      | Reached skill level 1 in Long Blades
 11227 | D:10     | Entered Level 10 of the Dungeon
 11611 | D:10     | Found a staircase to the Lair.
 11646 | D:10     | Reached skill level 9 in Dodging
 12465 | D:11     | Found Feigiufy's Antique Weapon Shop.
 12619 | D:11     | Noticed a hill giant
 12630 | D:11     | Killed a hill giant
 12707 | D:11     | Noticed a manticore
 12714 | D:11     | Killed a manticore
 12714 | D:11     | Reached skill level 10 in Dodging
 12976 | D:11     | Noticed a cyclops
 12989 | D:11     | Killed a cyclops
 12989 | D:11     | Gained mutation: You have a pair of horns on your head. [demonic ancestry]
 12989 | D:11     | Reached XP level 11. HP: 55/87 MP: 11/11
 13143 | D:11     | Noticed a brown ugly thing
 13152 | D:11     | Killed a brown ugly thing
 13152 | D:11     | Acquired Okawaru's second power
 13475 | D:12     | Noticed a tengu warrior
 13489 | D:12     | Killed a tengu warrior
 13710 | D:12     | Noticed Snorg
 13735 | D:12     | Killed Snorg
 14045 | D:12     | Reached skill level 5 in Long Blades
 14250 | D:13     | Noticed a tengu warrior
 14265 | D:13     | Noticed a tengu warrior
 14284 | D:13     | Killed a tengu warrior
 14307 | D:13     | Killed a tengu warrior
 14483 | D:13     | Reached skill level 11 in Dodging
 14540 | D:13     | Gained mutation: You have very sharp teeth. [potion of beneficial mutation]
 14544 | D:13     | Noticed a centaur warrior
 14550 | D:13     | Killed a centaur warrior
 14550 | D:13     | Received a gift from Okawaru
 14723 | D:13     | Noticed Josephine
 14736 | D:13     | Killed Josephine
 14739 | D:13     | Received a gift from Okawaru
 14753 | D:13     | Reached XP level 12. HP: 42/97 MP: 12/12
 14923 | D:13     | Reached skill level 10 in Fighting
 14923 | D:13     | Reached skill level 5 in Shields
 14972 | D:13     | Noticed an eight-headed hydra
 14985 | D:13     | Killed an eight-headed hydra
 15707 | D:14     | Found a sparkling altar of Nemelex Xobeh.
 15738 | D:14     | Noticed a centaur warrior
 15745 | D:14     | Killed a centaur warrior
 15822 | D:14     | Noticed a salamander stormcaller
 15825 | D:14     | Noticed a vault guard
 15826 | D:14     | Noticed a brown very ugly thing
 15830 | D:14     | Killed a vault guard
 15831 | D:14     | Killed a salamander stormcaller
 15831 | D:14     | Engulfed by a cloud of flame

Vault maps used:
D:1:      evilmike_arrival_rings, hex_intersection, st_stairs_5
D:2:      minitemple, uniq_iyjb
D:3:      ecumenical_altar_1, kennysheep_generic_room_13
D:4:      minmay_temple_entry_large_hall, guppyfry_early_orc_mine,
          uniq_crazy_yiuf_cottage
D:5:      grunt_gozag_breadcrumbs, first_bread, gup_sewer_entry_pipe,
          uniq_prince_ribbit1
D:7:      serial_shops, shop, enter_bailey_3, minmay_misc_feat_tiny
D:8:      kiku_gazebo_garden_becter
D:9:      vehumet_crystals, hiddenorc1_lemuel
D:10:     lair_0_dummy
D:11:     serial_shops, nicolae_shop_stone, blue_anna_alchemist
D:12:     pond, uniq_snorg
D:13:     serial_aquarium, aquarium_bridge_square, aquarium_window_fake,
          aquarium_window_fake, aquarium_window_1, aquarium_view_2a,
          aquarium_pool_corner, uniq_josephine
D:14:     david_vaults_5, minmay_crystal_water, basic_altar
Temple:   water_room_temple_a_12
Sewer:    sewer_co_scattered_pipes

Action                   |  1- 3 |  4- 6 |  7- 9 | 10-12 || total
-------------------------+-------+-------+-------+-------++-------
Melee: Short sword       |   130 |   334 |   277 |       ||   741
       Quarterstaff      |       |       |   424 |       ||   424
       Double sword      |       |       |    12 |   540 ||   552
       Morningstar       |       |       |       |    10 ||    10
 Fire: Blowgun           |       |       |     8 |    10 ||    18
Throw: Tomahawk          |       |       |     9 |     4 ||    13
Invok: Heroism           |       |       |     3 |     8 ||    11
Evoke: Wand              |       |       |       |     5 ||     5
  Use: Scroll            |     5 |     9 |     6 |     6 ||    26
       Potion            |       |     2 |       |     7 ||     9
 Stab: Sleeping          |     2 |    11 |    15 |    24 ||    52
       Distracted        |       |     3 |     2 |       ||     5
       Invisible         |       |     7 |       |       ||     7
       Petrified         |       |       |     1 |       ||     1
       Paralysed         |       |       |     1 |       ||     1
  Eat: Chunk             |     1 |    10 |    18 |    19 ||    48
       Fruit             |       |     4 |       |       ||     4
       Pizza             |       |       |     1 |     2 ||     3
       Beef jerky        |       |       |     1 |       ||     1
